 Seeded DCSS version 0.30-a0-719-gcc4359ea44 (webtiles) character file.

Game seed: 5430720872467839093 (custom seed)

9259 OTABOTABOTAB the Fighter (level 11, -2/80 HPs)
             Began as an Octopode Summoner on Jan 27, 2023.
             Was an Initiate of Gozag.
             Shot with an arrow by a centaur (7 damage)
             ... on level 9 of the Dungeon.
             The game lasted 00:28:04 (11741 turns).

OTABOTABOTAB the Fighter (Octopode Summoner)       Turns: 11741, Time: 00:28:05

Health: -2/80      AC:  1    Str: 13    XL:     11   Next: 43%
Magic:  22/31      EV: 16    Int: 33    God:    Gozag
Gold:   3125       SH:  0    Dex: 13    Spells: 6/24 levels left

rFire   + . .      SeeInvis .    n - +3 short sword of the Manifold Quests {flame, rElec Int+5}
rCold   + . .      Faith    .    (no shield)
rNeg    + . .      Spirit   .    (helmet restricted)
rPois   .          Reflect  .    l - amulet of the acrobat
rElec   +          Harm     .    k - +6 ring of strength
rCorr   .          Rampage  .    C - ring of protection from cold {rC+, !d}
Will    +....                    w - ring of magical power {MP+9}
Stlth   +++                      a - ring of positive energy {rN+}
HPRegen 0.33/turn                F - ring of protection from fire {rF+, !d}
MPRegen 0.22/turn                Q - +4 ring of slaying
                                 I - +6 ring of intelligence
                                 W - ring of willpower

@: studying Fighting
A: almost no armour, amphibious, 8 rings, camouflage 1, gelatinous body 1,
(nimble swimmer 1), tentacles
a: Renounce Religion, Potion Petition, Call Merchant, Bribe Branch


You were on level 9 of the Dungeon.
You worshipped Gozag.
Gozag was most pleased with you.
You visited 2 branches of the dungeon, and saw 10 of its levels.

You collected 3185 gold pieces.
You paid 60 gold pieces to Gozag.

Inventory:

Hand Weapons
 n - the +3 short sword of the Manifold Quests (weapon) {flame, rElec Int+5}
   (You found it on level 3 of the Dungeon)

   Int:       It affects your intelligence (+5).
   rElec:     It insulates you from electricity.
Missiles
 s - 103 stones
 t - 3 boomerangs
 v - 17 poisoned darts
Armour
 A - a +0 hat
   (You found it on level 9 of the Dungeon)
Jewellery
 a - a ring of positive energy (on tentacle) {rN+}
   (You found it on level 4 of the Dungeon)
 k - a +6 ring of strength (left tentacle)
   (You found it on level 1 of the Dungeon)
 l - an amulet of the acrobat (around mantle)
   (You found it on level 8 of the Dungeon)
 w - a ring of magical power (on tentacle) {MP+9}
   (You acquired it on level 2 of the Dungeon)
 C - a ring of protection from cold (right tentacle) {rC+, !d}
   (You found it on level 2 of the Dungeon)
 F - a ring of protection from fire (on tentacle) {rF+, !d}
   (You found it on level 6 of the Dungeon)
 G - a +6 ring of intelligence
   (You took it off an orc on level 9 of the Dungeon)
 I - a +6 ring of intelligence (on tentacle)
   (You found it on level 8 of the Dungeon)
 Q - a +4 ring of slaying (on tentacle)
   (You found it on level 6 of the Dungeon)
 W - a ring of willpower (on tentacle)
   (You found it on level 9 of the Dungeon)
Wands
 c - a wand of roots (5)
   (You found it on level 4 of the Dungeon)
 d - a wand of digging (9)
   (You found it on level 9 of the Dungeon)
 j - a wand of polymorph (16)
   (You found it on level 7 of the Dungeon)
 p - a wand of paralysis (5)
   (You took it off Joseph on level 8 of the Dungeon)
 q - a wand of flame (12)
   (You found it on level 6 of the Dungeon)
 y - a wand of mindburst (1)
   (You found it on level 3 of the Dungeon)
Scrolls
 e - 2 scrolls of amnesia
 f - a scroll of enchant weapon
 m - 3 scrolls of enchant armour
 z - a scroll of brand weapon
 B - 2 scrolls of identify {@r1}
 D - a scroll of blinking {!r}
 E - a scroll of fear
 X - a scroll of magic mapping {@r4!r}
 Y - 2 scrolls of teleportation {@r3}
Potions
 b - a potion of mutation {unknown}
 g - a potion of ambrosia {unknown}
 h - 3 potions of attraction {!q}
 i - a potion of brilliance {unknown}
 o - a potion of might {unknown}
 r - a potion of invisibility {unknown}
 u - a potion of haste {unknown}
 x - a potion of flight {unknown}
 J - 4 potions of curing {@q1}
 M - a potion of magic
 N - a potion of heal wounds {@q2}
 P - 2 potions of lignification {!q}
 R - 2 potions of resistance
 T - 4 potions of berserk rage {!q}


   Skills:
 + Level 9.5 Fighting
 + Level 7.4 Dodging
 - Level 2.6 Stealth
 + Level 7.3 Spellcasting
 + Level 6.8 Hexes
 + Level 8.8 Summonings
 + Level 6.3 Air Magic


You had 6 spell levels left.
You knew the following spells:

 Your Spells              Type           Power      Damage    Failure   Level
a - Summon Small Mammal   Summ           100%       N/A       1%          1
b - Call Canine Familiar  Summ           63%        N/A       1%          3
c - Call Imp              Summ           63%        N/A       1%          2
d - Summon Guardian Gole  Hex/Summ       59%        N/A       1%          3
e - Summon Lightning Spi  Summ/Air       58%        N/A       1%          4
f - Summon Mana Viper     Hex/Summ       59%        N/A       4%          5

Your spell library contained the following spells:

 Spells                   Type           Power      Damage    Failure   Level
 Slow                     Hex            100%       N/A       1%          1
 Poisonous Vapours        Pois/Air       66%        N/A       1%          2
 Static Discharge         Conj/Air       66%        2-5/arc   1%          2
 Confusing Touch          Hex            55%        N/A       1%          3
 Cigotuvi's Dreadful Rot  Necr/Pois/Air  52%        N/A       2%          2
 Inner Flame              Hex/Fire       34%        N/A       2%          3
 Sting                    Tmut/Pois      48%        1d5       3%          1
 Vhi's Electric Charge    Tloc/Air       66%        N/A       3%          3
 Blink                    Tloc           24%        N/A       5%          2
 Summon Ice Beast         Ice/Summ       41%        N/A       6%          4
 Vampiric Draining        Necr           12%        2d6       11%         3
 Arcjolt                  Conj/Air       16%        1d26      28%         5
 Lightning Bolt           Conj/Air       16%        1d30      28%         5
 Dispel Undead            Necr           12%        3d9       36%         4
 Flame Wave               Conj/Fire      12%        2d6       36%         4
 Manifold Assault         Tloc           12%        N/A       36%         4
 Olgreb's Toxic Radiance  Pois           12%        N/A       36%         4
 Sticky Flame             Conj/Fire      12%        2d4       36%         4
 Death Channel            Necr           6%         N/A       99%         6
 Monstrous Menagerie      Summ           31%        N/A       63%         7
 Storm Form               Tmut/Air       16%        N/A       100%        7


Dungeon Overview and Level Annotations

Branches:
Dungeon (9/15)             Temple (1/1) D:4
   Lair: D:8-11         Orc: D:9-12

Altars:
Ashenzari
Cheibriados
Dithmenos
Elyvilon
Fedhas
Gozag
Hepliaklqana
Kikubaaqudgha
Makhleb
Nemelex Xobeh
Okawaru
Qazlal
Ru
Sif Muna
Trog
Uskayaw
Vehumet
Wu Jian
Xom
Yredelemnul
Zin
The Shining One

Shops:
D:2 ?   D:9 *

Annotations:
D:4 1 runed translucent door, tinescath's ghost, novice DrHW


Innate Abilities, Weirdness & Mutations

You cannot wear most types of armour.
You are amphibious.
You can wear up to eight rings at the same time.
Your skin changes colour to match your surroundings (Stealth+).
Your rubbery body absorbs attacks. (AC +1, EV +1)
((You are camouflaged when in or above water. (Stealth+)))
You have tentacles for arms and can constrict up to eight enemies at once.


Message History

Found Ysacrel's Fire Supplies.
There is an entrance to Ysacrel's Fire Supplies here.
Health restored: 80; MP restored: 31 Unknown command.
There is a fountain of clear blue water here.
There is a dry fountain here.
There is an abandoned shop here.
You see here a -1 dagger of freezing.
Your warg disappears in a puff of smoke!
You see here a +0 club.
You enter the shallow water.
You enter the shallow water.
You enter the shallow water.
Found an escape hatch in the floor.
You enter the shallow water.
Found a stone staircase leading up.
You now have 3125 gold pieces (gained 19).
There is a shaft here.
You enter the shallow water.
You enter the shallow water.
You see here a +0 shortbow.
Things that are here:
a +0 dagger; a +0 robe
Things that are here:
a +0 mace; a +0 leather armour You enter the shallow water.
There is an open door here.
There is an escape hatch in the ceiling here.
You open the door.
Found a stormy altar of Qazlal.
Found an escape hatch in the floor.
There is an open door here.
A centaur comes into view.
You miscast Summon Lightning Spire.
You are very lightly contaminated with residual magic.
Nothing appears to happen.
The centaur wields a +0 shortbow.
The centaur shoots an arrow.
The arrow hits you!
The centaur shoots an arrow.
The arrow hits you!
You take 17 damage, and have 63/80 hp.
MASSIVE DAMAGE!!
You now have 27/31 mp.
An electric hum fills the air.
The centaur shoots an arrow.
The arrow barely misses you.
The arrow barely misses your lightning spire.
You now have 23/31 mp.
Unknown command.
The centaur shoots an arrow.
The arrow completely misses you.
The centaur shoots an arrow.
The arrow hits you!
You take 7 damage, and have 57/80 hp.
The centaur shoots an arrow.
The arrow completely misses you.
The centaur shoots an arrow.
The arrow closely misses you. What are your orders? t - Shout!
Orders for allies: a - Attack new target. r - Retreat! s - Stop attacking. g - Guard the area. f - Follow me.
Anything else - Cancel.
Gang up on whom?
Aim: a centaur, wielding a +0 shortbow (ally target) Attack!
The centaur shoots an arrow.
The arrow closely misses you. What are your orders? t - Shout!
Orders for allies: a - Attack new target. p - Attack previous target. r - Retreat! s - Stop attacking. g - Guard the area. f - Follow me.
Anything else - Cancel.
Gang up on whom?
Aim: a centaur, wielding a +0 shortbow (ally target) Attack!
The centaur shoots an arrow.
The arrow hits you!
You take 8 damage, and have 50/80 hp.
What are your orders? t - Shout!
Orders for allies: a - Attack new target. p - Attack previous target. r - Retreat! s - Stop attacking. g - Guard the area. f - Follow me.
Anything else - Cancel.
Gang up on whom?
Aim: a centaur, wielding a +0 shortbow (ally target) Attack!
The centaur shoots an arrow.
The arrow hits you!
Your magical contamination has completely faded away.
You take 11 damage, and have 39/80 hp.
What are your orders? t - Shout!
Orders for allies: a - Attack new target. p - Attack previous target. r - Retreat! s - Stop attacking. g - Guard the area. f - Follow me.
Anything else - Cancel.
Gang up on whom?
Aim: a centaur, wielding a +0 shortbow (ally target) Attack!
The centaur shoots an arrow.
The arrow hits you!
The centaur shoots an arrow.
The arrow hits you!
* * * LOW HITPOINT WARNING * * *
You take 23 damage, and have 16/80 hp.
MASSIVE DAMAGE!!
The centaur shoots an arrow.
The arrow hits you!
* * * LOW HITPOINT WARNING * * *
The centaur shoots an arrow.
The arrow completely misses you.
You take 12 damage, and have 4/80 hp.
The centaur shoots an arrow.
The arrow hits you!
You die...
Your body crumbles into a pile of gold.

###### #########h...#
#.......$@...#
########.##.######..##.####
.......#.##.#≈≈≈≈#8...c....
######.#.##.#≈._≈#.###.####.#
.#.....#.##.#≈8>≈#...........
.#.#####....#≈≈≈≈#.###.####.#
.#.....'....#'####...#.####.#####
########.........................
..#...<......[................#..


You could see a centaur (ally target) and a friendly warg (summoned).

Vanquished Creatures
  An ice beast (D:5)
  A bullfrog (D:8)
  A necrophage (D:2)
  6 electric eels (D:9)
  An orc priest (D:8)
  2 hounds
  An adder (D:6)
  An orc (D:9)
  3 ball pythons
  2 endoplasms
  A hobgoblin (D:3)
  2 jackals (D:1)
  A quokka (D:4)
  A frilled lizard (D:3)
  A kobold (D:1)
25 creatures vanquished.

Vanquished Creatures (collateral kills)
  A two-headed ogre (D:6)
  A cyclops (D:9)
  A manticore (D:9)
  Joseph (D:8)
  Psyche (D:8)
  A hornet (D:8)
  A wraith (D:9)
  A shadow (D:9)
  A wyvern (D:8)
  10 yaks
  2 acid dragons
  3 water moccasins
  2 orc warriors (D:9)
  A sky beast (D:7)
  An ice beast (D:6)
  3 centaurs
  An ogre (D:7)
  A kobold brigand (D:9)
  Blork the orc (D:4)
  4 bullfrogs
  4 gnoll sergeants
  2 scorpions
  3 necrophages
  Dowan (D:5)
  4 wights
  2 howler monkeys (D:9)
  A crimson imp (D:7)
  A gnoll bouda (D:6)
  4 orc priests
  2 hounds (D:6)
  A jelly (D:6)
  3 iguanas
  13 orc wizards
  24 gnolls
  9 adders
  A shadow imp (D:6)
  5 white imps
  An ufetubus (D:5)
  3 worms (D:4)
  A dart slug (D:4)
  28 orcs
  3 bats
  6 endoplasms
  3 giant cockroaches
  6 hobgoblins
  5 jackals
  5 kobolds
  4 quokkas
  5 ball pythons
  A frilled lizard (D:2)
  4 goblins
  3 rats
196 creatures vanquished.

Vanquished Creatures (others)
  A two-headed ogre (D:5)
  A wizard (D:8)
  2 yaks (D:8)
  Duvessa (D:5)
  A scorpion (D:6)
  A wight (D:9)
  2 gnolls (D:3)
  A white imp (D:6)
  An orc (D:6)
11 creatures vanquished.

Grand Total: 232 creatures vanquished

Notes
Turn   | Place    | Note
-------+----------+-------------------------------------------
     0 | D:1      | OTABOTABOTAB the Octopode Summoner began the quest for the
                  | Orb.
     0 | D:1      | Reached XP level 1. HP: 11/11 MP: 3/3
   214 | D:1      | Reached XP level 2. HP: 15/17 MP: 1/5
   230 | D:1      | Learned a level 2 spell: Call Imp
  1083 | D:1      | Reached XP level 3. HP: 21/21 MP: 3/6
  1087 | D:1      | Learned a level 3 spell: Call Canine Familiar
  1245 | D:2      | Found Doddoiw's Magic Scroll Shoppe.
  1341 | D:2      | Noticed a necrophage
  1646 | D:2      | Killed a necrophage
  1647 | D:2      | Reached skill level 3 in Spellcasting
  1647 | D:2      | Reached XP level 4. HP: 19/27 MP: 1/8
  1651 | D:2      | Learned a level 3 spell: Summon Guardian Golem
  1769 | D:2      | Reached skill level 5 in Summonings
  1901 | D:2      | Reached XP level 5. HP: 32/32 MP: 2/10
  2344 | D:2      | Identified 4 scrolls of acquirement
  2344 | D:2      | Acquired 773 gold pieces
  2345 | D:2      | Acquired a ring of magical power
  2347 | D:2      | Acquired a book of Beasts
  2349 | D:2      | Acquired 1045 gold pieces
  2386 | D:3      | Reached skill level 1 in Fighting
  2386 | D:3      | Reached skill level 1 in Hexes
  2538 | D:3      | Identified the +3 short sword of the Manifold Quests
                  | {flame, rElec Int+5}
  2749 | D:3      | Found a faded altar of an unknown god.
  2897 | D:3      | Reached XP level 6. HP: 17/38 MP: 11/11
  3024 | D:3      | Found an iron altar of Okawaru.
  3146 | D:3      | Identified the +2 robe of Binutifa {rPois Dex+5}
  3478 | D:4      | Found a runed translucent door.
  3485 | D:4      | Noticed tinescath's ghost (novice DrHW)
  3516 | D:4      | HP: 9/39 [something (2)]
  3518 | D:4      | HP: 3/39 [something/magic dart (6)]
  3525 | D:4      | Reached skill level 2 in Hexes
  3780 | D:4      | Reached skill level 2 in Fighting
  3862 | D:4      | Reached skill level 3 in Dodging
  3919 | D:4      | Found a staircase to the Ecumenical Temple.
  3992 | Temple   | Entered the Ecumenical Temple
  4290 | D:4      | Reached skill level 4 in Spellcasting
  4290 | D:4      | Reached XP level 7. HP: 45/45 MP: 11/13
  4599 | D:4      | Noticed Blork the orc
  4613 | D:4      | Killed Blork the orc
  4919 | D:4      | Learned a level 4 spell: Summon Lightning Spire
  4945 | D:5      | Entered Level 5 of the Dungeon
  4946 | D:5      | Noticed a two-headed ogre
  4960 | D:5      | Killed a two-headed ogre
  4961 | D:5      | Reached skill level 4 in Fighting
  4961 | D:5      | Reached skill level 4 in Dodging
  4961 | D:5      | Reached skill level 3 in Hexes
  4961 | D:5      | Reached skill level 6 in Summonings
  4961 | D:5      | Reached skill level 2 in Air Magic
  4961 | D:5      | Reached XP level 8. HP: 54/54 MP: 11/15
  5346 | D:5      | Noticed Dowan
  5587 | D:5      | Reached skill level 5 in Spellcasting
  5633 | D:5      | Noticed Duvessa
  5657 | D:5      | Killed Duvessa
  5658 | D:5      | Reached skill level 4 in Hexes
  5696 | D:5      | HP: 13/54 [poisoned by Dowan]
  5701 | D:5      | HP: 8/54 [poisoned by Dowan]
  5708 | D:5      | HP: 5/54 [Dowan/+1 dagger of venom (4)]
  5708 | D:5      | HP: 1/54 [Dowan/+1 dagger of venom (4)]
  5713 | D:5      | HP: 6/54 [poisoned by Dowan]
  5730 | D:5      | Killed Dowan
  5731 | D:5      | Reached skill level 5 in Fighting
  6465 | D:6      | Found an opulent altar of Gozag.
  6473 | D:6      | Became a worshipper of Gozag Ym Sagoz the Greedy
  6489 | D:6      | Found a broken altar of Ashenzari.
  6524 | D:6      | Reached XP level 9. HP: 61/61 MP: 16/16
  6610 | D:6      | Reached skill level 3 in Air Magic
  6682 | D:6      | Found a white marble altar of Elyvilon.
  6688 | D:6      | Found an ancient bone altar of Kikubaaqudgha.
  6742 | D:6      | Found a blossoming altar of Fedhas.
  6742 | D:6      | Found a burning altar of Makhleb.
  6798 | D:6      | Noticed a two-headed ogre
  6812 | D:6      | Killed a two-headed ogre
  6813 | D:6      | Reached skill level 6 in Fighting
  6813 | D:6      | Reached skill level 5 in Dodging
  6813 | D:6      | Reached skill level 7 in Summonings
  6867 | D:6      | Reached skill level 5 in Hexes
  6867 | D:6      | Reached skill level 4 in Air Magic
  7560 | D:6      | Reached skill level 6 in Spellcasting
  7903 | D:6      | Learned a level 5 spell: Summon Mana Viper
  7924 | D:7      | Reached skill level 7 in Fighting
  7924 | D:7      | Reached XP level 10. HP: 71/71 MP: 17/19
  8345 | D:7      | Reached skill level 6 in Dodging
  8783 | D:8      | Noticed Psyche
  8796 | D:8      | Killed Psyche
  8802 | D:8      | Reached skill level 5 in Air Magic
  8813 | D:8      | Reached skill level 8 in Summonings
  8836 | D:8      | Reached skill level 8 in Fighting
  9028 | D:8      | Noticed Joseph
  9060 | D:8      | Killed Joseph
  9449 | D:8      | Reached skill level 6 in Hexes
  9657 | D:8      | Found a bloodstained altar of Trog.
  9670 | D:8      | Noticed a wizard
  9675 | D:8      | Killed a wizard
  9949 | D:8      | Reached skill level 7 in Dodging
  9949 | D:8      | Reached XP level 11. HP: 78/78 MP: 10/21
 10325 | D:9      | Reached skill level 7 in Spellcasting
 10383 | D:9      | Reached skill level 9 in Fighting
 10404 | D:9      | Noticed a manticore
 10410 | D:9      | Killed a manticore
 10411 | D:9      | Reached skill level 6 in Air Magic
 10588 | D:9      | Noticed a cyclops
 10595 | D:9      | Killed a cyclops
 11511 | D:9      | Found Ysacrel's Fire Supplies.
 11719 | D:9      | Found a stormy altar of Qazlal.
 11738 | D:9      | HP: 16/80 [centaur/arrow (15)]
 11740 | D:9      | HP: 4/80 [centaur/arrow (12)]
 11741 | D:9      | Shot with an arrow by a centaur

Illustrated notes

Levels and vault maps discovered:
D:1:      dpeg_arrival_boxes_within_box, layout_basic
D:2:      layout_loops_ring, serial_shops, shop, nicolae_kite_square_tiling_tiny
D:3:      layout_rooms, okawaru_metal_pillars_3, ebering_ecumenical_altar_rust
D:4:      layout_basic, minmay_temple_entry_overgrown, ebering_ghost_sewer_d,
          minmay_manual_monstrance, uniq_blork_the_orc
D:5:      layout_basic, uniq_duvessa
D:6:      layout_gridville, mainiacjoe_overflow_tiny_flanked,
          grunt_temple_overflow_open, cheibrodos_ashenzari_chains, minivault_5,
          minmay_pentangle
D:7:      layout_cave_pools, minmay_fire_ice_demons
D:8:      layout_basic, trog_wizard, chequers_serial_rivers_marsh, uniq_psyche,
          uniq_joseph
D:9:      minmay_ornate_pinched, layout_basic, general_overflow_altar,
          roderic_serpentine_path, nicolae_shop_fire_sale
          [nicolae_sub_dead_trees], minmay_crystal_water, grunt_ministairs_1
Temple:   oiseaux_autumnal_temple

Skill      XL: |  1  2  3  4  5  6  7  8  9 10 11 |
---------------+----------------------------------+-----
Spellcasting   | 3 4 5 6 7 |  7.3
Summonings     | 5 6 7 8 |  8.8
Fighting       | 1 2 4 5 7 8 9 |  9.5
Hexes          | 1 2 3 4 5 6 |  6.8
Dodging        | 3 4 5 7 |  7.4
Air Magic      | 2 4 5 6 |  6.3
Stealth        | |  2.6

Action                     |  1- 3 |  4- 6 |  7- 9 | 10-12 || total
---------------------------+-------+-------+-------+-------++-------
  Melee: Dagger            |    17 |     8 |       |       ||    25
         Constrict         |     7 |     4 |     3 |     1 ||    15
         Unarmed           |     1 |       |       |       ||     1
         Tentacles         |     4 |     1 |     6 |     1 ||    12
         Punch             |     1 |     1 |       |       ||     2
         Short sword       |       |    11 |    12 |    10 ||    33
  Throw: Stone             |       |     5 |       |       ||     5
   Cast: Summon Small Mamm |     9 |    11 |    21 |    12 ||    53
         Call Imp          |    13 |    12 |    20 |     9 ||    54
         Call Canine Famil |     3 |    20 |    26 |    24 ||    73
         Summon Guardian G |       |     7 |    14 |    12 ||    33
         Summon Lightning  |       |       |    14 |    38 ||    52
         Summon Mana Viper |       |       |       |    11 ||    11
  Evoke: Wand              |       |       |       |    21 ||    21
    Use: Scroll            |       |    17 |     7 |     1 ||    25
         Potion            |       |     1 |     2 |     1 ||     4
   Stab: Distracted        |     1 |       |       |       ||     1
 Armour: Skin              |     1 |     3 |     1 |     1 ||     6
  Dodge: Dodged            |    22 |    14 |    10 |    38 ||    84

Table legend: (Time is in decaauts)
 A = Elapsed time spent in this place.
 B = Non-inter-level travel time spent in this place.
 C = Inter-level travel time spent in this place.
 D = Time resting spent in this place.
 E = Time spent auto-exploring this place.
 F = Levels seen in this place.
 G = Mean time per level.
                   A        B        C        D        E       F      G
               +--------+--------+--------+--------+--------+-----+--------+
         Total |  11746 |  11447 |    299 |   1050 |   8280 |  10 | 1174.6 |
       Dungeon |  11521 |  11239 |    282 |   1050 |   8087 |   9 | 1280.1 |
        Temple |    224 |    207 |     17 |      0 |    193 |   1 |  224.0 |
               +--------+--------+--------+--------+--------+-----+--------+

Top non-repeatable levels by time:
     D:6: 1578 daAuts
     D:8: 1556 daAuts
     D:9: 1474 daAuts
     D:4: 1403 daAuts
     D:5: 1393 daAuts
     D:2: 1187 daAuts
     D:1: 1183 daAuts
     D:3: 943 daAuts
     D:7: 801 daAuts
  Temple: 224 daAuts

Table legend:
 A = Kills in this place as a percentage of kills in entire the game.
 B = Kills by you in this place as a percentage of kills by you in the entire game.
 C = Kills by friends in this place as a percentage of kills by friends in the entire game.
 D = Other kills in this place as a percentage of other kills in the entire game.
 E = Experience gained in this place as a percentage of experience gained in the entire game.
 F = Experience gained in this place divided by the number of levels of this place that you have seen.
                   A       B       C       D       E      F
               +-------+-------+-------+-------+-------+----------------------
         Total | 100.0 | 100.0 | 100.0 | 100.0 | 100.0 | 1322.8
       Dungeon | 100.0 | 100.0 | 100.0 | 100.0 | 100.0 | 1469.8
               +-------+-------+-------+-------+-------+----------------------
